 Dungeon Crawl Stone Soup version 0.22-a0-271-gc000056 (webtiles) character file.

629632 Serpenta the Naga Blade (level 27, -4/268 HPs)
             Began as a Naga Summoner on Mar 12, 2018.
             Was a High Priest of Okawaru.
             Slain by a red draconian monk (26 damage)
             ... on level 3 of the Realm of Zot.
             The game lasted 03:11:09 (61058 turns).

Serpenta the Naga Blade (Naga Summoner)            Turns: 61058, Time: 03:11:10

Health: -4/268     AC: 53    Str: 19    XL:     27
Magic:  16/39      EV: 23    Int: 17    God:    Okawaru [*****.]
Gold:   5150       SH:  5    Dex: 25    Spells: 19/50 levels left

rFire    + + .     SeeInvis +   w - +9 triple sword (slice) {god gift}
rCold    + . .     Gourm    .   (shield currently unavailable)
rNeg     + . .     Faith    .   e - +7 pearl dragon scales
rPois    +         Spirit   .   T - +2 helmet
rElec    .         Reflect  +   L - scarf {rC+ rF+} {god gift}
rCorr    .         Harm     .   K - +2 pair of gloves {Str+3} {god gift}
MR       ++++.                  o - +3 naga barding {rF+} {god gift}
Stlth    +++.......             G - +5 amulet of reflection
HPRegen  0.54/turn              u - ring of the Enemy {rPois rC+ MR+ Dex+5 Slay+3}
MPRegen  0.26/turn              f - ring of the Battered Planets {rC- Str-3 Dex+5 Slay+6}

@: about to teleport, heroism, very slow
A: large, see invisible, deformed body, poison resistance, slowness 2, slow
metabolism 1, spit poison 1, constrict 1, AC +9
}: 3/15 runes: decaying, silver, gossamer
a: Spit Poison, Heroism, Finesse, Renounce Religion


You were on level 3 of the Realm of Zot.
You worshipped Okawaru.
Okawaru was extremely pleased with you.
You were not hungry.

You visited 10 branches of the dungeon, and saw 50 of its levels.
You also visited: Ossuary, Ice Cave and Volcano.

You collected 7365 gold pieces.
You spent 2215 gold pieces at shops.


Innate Abilities, Weirdness & Mutations

You cannot wear boots.
Your serpentine skin is tough. (AC +9)
You have supernaturally acute eyesight. (SInv)
Armour fits poorly on your strangely shaped body.
Your system is resistant to poisons. (rPois)
You cover ground very slowly.
You have a slow metabolism.
You can spit poison.
You can use your snake-like lower body to constrict enemies.


   Skills:
 - Level 20.0(25.0) Fighting
 - Level 24.0(27) Long Blades
 + Level 21.2(26.2) Armour
 + Level 16.3(21.3) Dodging
 - Level 3.0(8.0) Stealth
 - Level 12.0 Spellcasting
 - Level 15.0 Summonings
 - Level 4.0 Translocations
 - Level 12.0 Invocations
 - Level 9.0 Evocations


You had 19 spell levels left.
You knew the following spells:

 Your Spells              Type           Power        Failure   Level  Hunger
b - Blink                 Tloc           N/A          3%          2    None
j - Aura of Abjuration    Summ           ######....   1%          5    ####...
A - Call Canine Familiar  Summ           ######..     1%          3    None
B - Call Imp              Summ           ######..     1%          2    None
C - Summon Lightning Spi  Summ/Air       #####...     5%          4    ##.....
D - Shadow Creatures      Summ           N/A          3%          6    ######.
E - Dragon's Call         Summ           ######....   100%        9    #######

Action                   |  1- 3 |  4- 6 |  7- 9 | 10-12 | 13-15 | 16-18 | 19-21 | 22-24 | 25-27 || total
-------------------------+-------+-------+-------+-------+-------+-------+-------+-------+-------++-------
Melee: Short sword       |    54 |    88 |   112 |       |       |       |       |       |       ||   254
       Great sword       |       |       |    99 |    48 |       |       |       |       |       ||   147
       Falchion          |       |       |    30 |   501 |    76 |       |       |       |       ||   607
       Punch             |       |       |       |     9 |    13 |     2 |       |       |       ||    24
       Scimitar          |       |       |       |    25 |  1046 |   816 |       |       |       ||  1887
       Constrict         |       |       |       |       |   239 |   282 |   274 |   164 |   296 ||  1255
       Triple sword      |       |       |       |       |       |   613 |  1159 |  1058 |  1445 ||  4275
Throw: Javelin           |       |       |       |     7 |       |     4 |     4 |     1 |    14 ||    30
 Cast: Call Imp          |     4 |    17 |    11 |     2 |       |       |       |       |       ||    34
       Call Canine Famil |       |     7 |    23 |     8 |       |       |       |       |       ||    38
       Aura of Abjuratio |       |       |       |       |       |       |       |     1 |    16 ||    17
       Blink             |       |       |       |       |       |       |       |       |     1 ||     1
Invok: Heroism           |       |       |     8 |    23 |    13 |    16 |    15 |    21 |    22 ||   118
       Finesse           |       |       |       |     4 |     5 |     7 |     8 |     8 |     9 ||    41
 Abil: Spit Poison       |    24 |    21 |    30 |    14 |       |       |       |       |       ||    89
Evoke: Wand              |       |       |     4 |     8 |     1 |     9 |     7 |     3 |     5 ||    37
       Lamp of fire      |       |       |       |       |       |       |       |       |     1 ||     1
  Use: Scroll            |     2 |     7 |     6 |    11 |     9 |    19 |     3 |    10 |    19 ||    86
       Potion            |       |     1 |     2 |     4 |       |     1 |     6 |     2 |     8 ||    24
 Stab: Sleeping          |     4 |     3 |     7 |     2 |     1 |       |       |       |       ||    17
       Distracted        |       |     2 |     1 |     3 |     1 |     1 |     1 |       |     1 ||    10
       Paralysed         |       |       |     6 |     3 |     3 |     8 |       |       |       ||    20
       Invisible         |       |       |       |       |       |       |    11 |       |    13 ||    24
       Petrified         |       |       |       |       |       |       |       |       |     2 ||     2
       Petrifying        |       |       |       |       |       |       |       |       |     1 ||     1
  Eat: Chunk             |     1 |    10 |     6 |    14 |    14 |    13 |    12 |     4 |    20 ||    94
       Ration            |       |       |     3 |     1 |     4 |     6 |     4 |     5 |     6 ||    29
Armor: Robe              |    13 |    12 |    22 |       |       |       |       |       |       ||    47
       Skin              |       |       |    14 |       |       |       |       |       |       ||    14
       Leather armour    |       |       |    41 |    23 |       |       |       |       |       ||    64
       Pearl dragon scal |       |       |       |   181 |   351 |   220 |   382 |   633 |   912 ||  2679
       Plate armour      |       |       |       |       |   401 |  1569 |   681 |       |       ||  2651
Dodge: Dodged            |    36 |    66 |   180 |   295 |   485 |   540 |   601 |   598 |   855 ||  3656
Block: Other             |       |       |       |       |       |       |       |       |   154 ||   154
       Reflection        |       |       |       |       |       |       |       |       |     6 ||     6
       Rpst.: Great sword |       |       |    20 |    10 |       |       |       |       |       ||    30
       Falchion          |       |       |     3 |    76 |     7 |       |       |       |       ||    86
       Scimitar          |       |       |       |     3 |   113 |    61 |       |       |       ||   177
       Triple sword      |       |       |       |       |       |    54 |   134 |    97 |   162 ||   447

Inventory:

Hand Weapons
 w - a +9 triple sword of slicing (weapon) {god gift}
Missiles
 z - 7 javelins of returning (quivered) {god gift}
Armour
 e - +7 pearl dragon scales (worn)
 o - a +3 naga barding of fire resistance (worn) {god gift}
 p - the +4 storm dragon scales of Focus {god gift, rElec rF++ Regen+ MP+9 SInv}
   (Okawaru gifted it to you on level 4 of the Depths)

   It greatly protects you from fire.
   It insulates you from electricity.
   It affects your magic capacity (+9).
   It lets you see invisible.
   It increases your rate of regeneration.
 K - a +2 pair of gloves of strength (worn) {god gift}
 L - a scarf of resistance (worn) {god gift}
 M - a +4 naga barding of cold resistance {god gift}
 T - a +2 helmet (worn)
Jewellery
 f - the ring of the Battered Planets (right hand) {rC- Str-3 Dex+5 Slay+6}
   (You found it on level 2 of the Spider Nest)

   [ring of strength]

   It affects your strength (-3).
   It affects your dexterity (+5).
   It affects your accuracy and damage with ranged weapons and melee attacks
   (+6).
   It makes you vulnerable to cold.
 n - an uncursed amulet of regeneration
 q - the ring of Linearity {+Blink rElec Str+4 Dex+3}
   (You found it on level 5 of the Vaults)

   [ring of strength]

   It affects your strength (+4).
   It affects your dexterity (+3).
   It insulates you from electricity.
   It lets you blink.
 u - the ring of the Enemy (left hand) {rPois rC+ MR+ Dex+5 Slay+3}
   (You found it on level 3 of the Elven Halls)

   [ring of protection from magic]

   It affects your dexterity (+5).
   It affects your accuracy and damage with ranged weapons and melee attacks
   (+3).
   It protects you from cold.
   It protects you from poison.
   It affects your resistance to hostile enchantments.
 B - an uncursed ring of wizardry
 G - a +5 amulet of reflection (around neck)
 O - an uncursed ring of resist corrosion
 U - the ring of Oruxtioss {rF+ rN++ Str-3 Dex+2}
   (You took it off an orc warrior on level 12 of the Dungeon)

   [ring of protection from fire]

   It affects your strength (-3).
   It affects your dexterity (+2).
   It protects you from fire.
   It greatly protects you from negative energy.
 X - the ring of Rugrom {rF+ MR+ Str+5}
   (You bought it in a shop on level 2 of the Orcish Mines)

   [ring of protection from magic]

   It affects your strength (+5).
   It protects you from fire.
   It affects your resistance to hostile enchantments.
 Z - a +3 ring of protection
Wands
 h - a wand of acid (21)
 i - a wand of scattershot (8)
 j - a wand of clouds (14)
 m - a wand of polymorph (50)
 y - a wand of digging (87)
 C - a wand of iceblast (46)
Scrolls
 b - 32 scrolls of remove curse
 g - 14 scrolls of fog
 k - 21 scrolls of identify
 l - 21 scrolls of teleportation
 r - 5 scrolls of magic mapping
 s - 7 scrolls of blinking
 H - 3 scrolls of holy word
 J - 4 scrolls of fear
 N - 3 scrolls of silence
Potions
 d - 9 potions of brilliance
 t - 10 potions of haste
 v - 14 potions of curing
 x - 8 potions of flight
 A - 2 potions of magic
 E - 7 potions of agility
 F - 2 potions of heal wounds
 I - 2 potions of resistance
 P - a potion of invisibility
 Q - 3 potions of berserk rage
 R - 7 potions of mutation
 V - 4 potions of might
 W - 7 potions of cancellation
Miscellaneous
 a - a phial of floods
 S - a lamp of fire
Comestibles
 c - 74 rations

..... .. #....
... .... ...#
... #..## ## .
# ## #.....
....## #
#.###.#....
...... ..#
#...##.8..
##..#. ....
#@.....# # #
...$.##qd....#
#..%
.?....qD....##
....
..##..(.d#.....
...##
#.....##.... ..
. #......# ..##
# .# ##..#.y#
#.. .#. #....#.
#. ..#..##.


You could see an electric golem, 2 draconians, a storm dragon (berserk), a black
draconian (berserk), a yellow draconian and a moth of wrath.

Vanquished Creatures
  Khufu (Crypt:3)
  4 ancient liches
  Mara (Crypt:1)
  A juggernaut (Depths:2)
  3 greater mummies (Crypt:3)
  Boris (Depths:4)
  Frederick (Vaults:4)
  Saint Roka (Depths:4)
  Xtahua (Vaults:3)
  A Killer Klown (Zot:3)
  A curse toe (Crypt:3)
  Margery (Crypt:1)
  4 caustic shrikes
  8 golden dragons
  Arachne (Spider:2)
  A bone dragon (Depths:5)
  2 electric golems
  7 liches
  An Ice Fiend (IceCv)
  12 tentacled monstrosities
  7 titans
  3 quicksilver dragons
  2 deep elf blademasters
  7 sphinxes
  Gastronok (Lair:3)
  A deep elf master archer (Elf:3)
  6 ancient champions
  13 tengu reavers
  7 death cobs
  A thorn hunter (Swamp:2)
  A storm dragon (shapeshifter) (Vaults:5)
  4 shadow dragons
  Frances (D:12)
  8 storm dragons
  3 draconian monks
  Roxanne (Swamp:2)
  Donald (Spider:4)
  A draconian knight (Zot:1)
  2 revenants
  An orc warlord (Orc:1)
  15 fire giants
  5 draconian scorchers
  Aizul (Depths:2)
  6 deep elf sorcerers
  6 emperor scorpions
  A curse skull (Crypt:3)
  A juggernaut zombie (Depths:2)
  8 ghost moths
  12 vault wardens
  10 frost giants
  7 deep elf elementalists
  5 iron dragons
  A draconian shifter (Zot:1)
  5 spriggan defenders
  2 draconian annihilators (Zot:1)
  9 ghouls
  9 ironheart preservers
  2 war gargoyles (Vaults:5)
  2 caustic shrike skeletons
  34 very ugly things
  An entropy weaver (shapeshifter) (Vaults:5)
  23 stone giants
  8 vampire knights
  8 entropy weavers
  3 black draconians
  12 deep elf demonologists
  6 red draconians
  6 green draconians
  6 yellow draconians
  Nessos (D:14)
  6 white draconians
  13 deep elf annihilators
  6 spark wasps
  9 purple draconians
  6 eidola
  An ettin (shapeshifter) (D:14)
  12 deep elf death magi
  16 fire dragons
  2 green deaths (Swamp:4)
  18 ettins
  7 deep elf high priests
  14 jiangshi
  21 hydras
  10 ogre magi
  13 ice dragons
  16 yaktaur captains
  12 great orbs of eyes
  28 vault guards
  9 rakshasas
  7 ghost crabs
  5 spriggan air magi
  19 centaur warriors
  A catoblepas (shapeshifter) (Depths:3)
  Erica (D:11)
  7 alligators
  33 two-headed ogres
  15 dancing weapons
  10 deep troll shamans
  4 death knights
  A death yak (shapeshifter) (Depths:3)
  9 spriggan berserkers (Depths:5)
  7 vampire magi
  6 tengu warriors
  13 deep troll earth magi
  A thrashing horror (Swamp:4)
  20 deep elf knights
  Nergalle (Lair:2)
  2 orc high priests (Orc:1)
  A soul eater (Crypt:2)
  2 shadow wraiths
  4 iron trolls (Depths:3)
  7 hell knights
  A fire crab (Lair:6)
  4 unseen horrors
  11 flayed ghosts
  A salamander mystic (Depths:3)
  24 skeletal warriors
  A spark wasp zombie (Depths:2)
  26 deep trolls
  An unseen horror (shapeshifter) (Depths:2)
  9 glowing orange brains
  A ghost moth zombie (Crypt:2)
  3 spriggan druids
  A swamp dragon (shapeshifter) (Vaults:2)
  2 golden dragon skeletons (Crypt:2)
  8 wizards
  4 phantasmal warriors
  A lindwurm (shapeshifter) (D:15)
  3 shambling mangroves
  An obsidian statue (Spider:2)
  13 deep elf archers
  4 necromancers
  4 harpies (Vaults:1)
  4 swamp dragons
  15 ironbrand convokers
  17 orc knights
  46 deep elf magi
  14 orb spiders
  3 orc sorcerers (Orc:1)
  A wolf spider zombie (Crypt:2)
  5 salamanders
  A faun (shapeshifter) (Depths:2)
  A manticore (shapeshifter) (Vaults:3)
  35 wolf spiders
  2 cyclopes (shapeshifter)
  7 manticores
  6 cyclopes
  3 elephants (Lair:6)
  12 moths of wrath
  A salamander (shapeshifter) (D:15)
  15 vault sentinels
  66 ugly things
  4 apocalypse crabs (Swamp:2)
  A water nymph (shapeshifter) (Vaults:5)
  4 ice statues
  Psyche (D:11)
  2 molten gargoyles (Volcano)
  4 black mambas
  31 spiny frogs
  6 torpor snails
  2 efreet
  A rime drake (shapeshifter) (Depths:5)
  3 gargoyles
  A spiny frog (shapeshifter) (D:14)
  A guardian mummy (Crypt:3)
  12 freezing wraiths
  8 komodo dragons
  A harpy zombie (Crypt:3)
  A golden dragon simulacrum (IceCv)
  A pale draconian skeleton (Crypt:2)
  4 tengu conjurers
  2 anaconda simulacra (IceCv)
  A yellow draconian skeleton (Crypt:1)
  9 ice devils (IceCv)
  A minotaur skeleton (Crypt:1)
  A merfolk (shapeshifter) (Elf:3)
  50 yaktaurs
  10 demonic crawlers
  A grey draconian skeleton (Crypt:2)
  An iron troll skeleton (Crypt:1)
  3 meliai (D:14)
  A sea snake skeleton (Crypt:2)
  3 queen bees (shapeshifter)
  A queen bee (Spider:4)
  A polar bear (shapeshifter) (Vaults:4)
  4 polar bears
  A meliai (shapeshifter) (D:14)
  2 trolls (shapeshifter)
  9 trolls
  30 jumping spiders
  34 hornets
  11 tyrant leeches
  13 bog bodies
  13 hippogriffs
  48 slime creatures
  19 blink frogs
  A meliai zombie (D:14)
  2 raiju (shapeshifter)
  A satyr skeleton (Crypt:3)
  9 water elementals
  12 spriggans
  A spriggan (shapeshifter) (Vaults:5)
  2 tarantellas (shapeshifter)
  78 redbacks
  3 air elementals
  10 shadows
  A wyvern (shapeshifter) (Vaults:5)
  A vampire (D:13)
  A human (D:9)
  29 tarantellas
  16 wraiths
  11 fire elementals
  2 dire elephant simulacra (IceCv)
  34 yaks
  3 basilisks
  3 humans (shapeshifter)
  A yaktaur simulacrum (Vaults:3)
  5 wargs
  5 wyverns
  A steam dragon (D:12)
  29 vampire mosquitoes
  3 small abominations
  A warg (shapeshifter) (Depths:2)
  2 harpy simulacra (IceCv)
  7 hungry ghosts
  21 swamp worms
  An acid dragon (Vaults:2)
  2 soldier ants (D:14)
  An iron troll simulacrum (IceCv)
  A torturous demonspawn zombie (Crypt:1)
  A spiny frog zombie (Crypt:1)
  11 insubstantial wisps
  14 water moccasins
  A floating eye (Depths:3)
  A torturous demonspawn skeleton (Crypt:2)
  5 porcupines
  2 hydra simulacra (IceCv)
  2 sky beasts (D:13)
  4 phantoms
  An ice beast (shapeshifter) (Vaults:5)
  2 ice beasts
  62 orc warriors
  11 swamp drakes
  An eye of draining (Spider:4)
  A hornet zombie (D:10)
  An ogre (shapeshifter) (Vaults:4)
  30 ogres
  30 centaurs
  3 necrophages
  A centaur (shapeshifter) (Vaults:5)
  10 boggarts
  9 crocodiles
  A crocodile (shapeshifter) (Depths:3)
  A big kobold (D:10)
  A gnoll sergeant (Orc:1)
  A yaktaur skeleton (Crypt:3)
  29 bullfrogs
  A human skeleton (Vaults:3)
  A wyvern zombie (D:13)
  6 earth elementals
  A spriggan zombie (Crypt:3)
  2 wyvern skeletons
  A polar bear zombie (Crypt:3)
  3 scorpions
  A water moccasin skeleton (D:8)
  11 killer bees
  A human simulacrum (Vaults:3)
  3 howler monkeys (D:9)
  12 wights
  3 electric eels
  7 crimson imps
  8 centaur zombies
  3 bullfrog zombies
  2 lava snakes (D:12)
  A quasit (D:10)
  4 jellies
  2 bullfrog skeletons
  18 orc priests
  A basilisk zombie (Crypt:1)
  4 hounds
  20 orc wizards
  10 iguanas
  An iron imp (Depths:4)
  3 centaur skeletons
  A porcupine zombie (Crypt:3)
  8 hell rats (Lair:4)
  7 worker ants
  9 ogre zombies
  A hound skeleton (D:11)
  14 mummies
  2 howler monkey zombies
  A worker ant zombie (D:9)
  3 gnolls
  12 adders
  9 river rats (Lair:4)
  2 shadow imps
  2 white imps
  An adder zombie (D:6)
  3 dart slugs
  A leopard gecko (D:8)
  86 orcs
  11 bats
  5 giant cockroaches
  6 goblins
  9 hobgoblins
  5 jackals (D:4)
  12 kobolds
  6 quokkas
  2 ball pythons
  4 frilled lizards
  A goblin skeleton (D:10)
  2 goblin zombies (D:10)
  A hobgoblin skeleton (D:10)
  2 hobgoblin zombies
  A kobold zombie (D:4)
  2 orc skeletons (D:10)
  13 orc zombies (D:10)
  7 rats
2385 creatures vanquished.

Vanquished Creatures (collateral kills)
  An orc warrior (D:10)
  An ice beast (D:7)
  A phantom (D:6)
  2 ogres (D:7)
  A centaur (D:9)
  A bullfrog (D:6)
  4 wights
  A howler monkey (D:4)
  A centaur zombie (D:7)
  An orc priest (D:3)
  3 hounds
  2 centaur skeletons
  A jelly (D:10)
  4 iguanas
  4 orc wizards
  A worker ant (D:4)
  2 mummies (D:4)
  A hound zombie (D:6)
  A worker ant zombie (D:5)
  A howler monkey skeleton (D:7)
  2 adders
  A shadow imp (D:7)
  9 orcs
  A jackal (D:4)
  2 goblin skeletons (D:10)
  A hobgoblin zombie (D:10)
  3 orc zombies (D:10)
53 creatures vanquished.

Vanquished Creatures (others)
  A deep elf elementalist (Elf:1)
  An ogre mage (Depths:1)
  2 unseen horrors (D:14)
  A spriggan druid (Swamp:2)
  A storm dragon simulacrum (Vaults:2)
  A water elemental (Elf:2)
  A warg (Vaults:1)
  A floating eye (Depths:4)
  A fire vortex (D:12)
  5 fungi
  31 plants
46 creatures vanquished.

Grand Total: 2484 creatures vanquished

Vault maps used:
D:1:      dpeg_arrival_rooms_c
D:2:      first_ration
D:3:      old_standard_altar
D:4:      okawaru_trees_2, minmay_temple_entry_junction_2,
          nicolae_ossuary_entry_giza, minmay_misc_feat_secret_circle
D:5:      lemuel_round_altar, kennysheep_mini
D:6:      lemuel_round_altar, nicolae_ru_great_annihilating_truth
D:7:      overflow_temple_1_default, nicolae_overflow_crystal_walls
D:8:      gammafunk_temple_overflow_elements
D:9:      hangedman_cross_cluster, lemuel_crystal_altar, grunt_pizzeria,
          nicolae_tso_swordbearing_angel
D:10:     lair_entry_dummy, zombieorc2_lemuel, nrook_pool_corridor
D:11:     uniq_erica, uniq_psyche
D:12:     kennysheep_treasure_stockpile, st_stairs_13, uniq_frances
D:14:     minmay_the_grid_triangle_9x9_recursive_3_mashed, david_vaults_2,
          minmay_misc_feat_chi, uniq_nessos
D:15:     gammafunk_enter_depths_forms, basic_altar, nicolae_gozag_seed_capital
Lair:1:   lightli_volcano_entry_magma_tube, serial_bayou, serial_bayou_crossing,
          serial_bayou_pond_b, serial_bayou_pond_b, serial_bayou_pond_e
Lair:2:   beast_lair_carwin_large_2, kennysheep_snail_temple,
          serial_bayou_shore_b, serial_bayou_shore_b, uniq_nergalle
Lair:3:   minmay_swamp_entry_swarm, dummy_spider_entry, serial_forest,
          infiniplex_forest_lined_1, infiniplex_forest_fountain,
          infiniplex_forest_clump_large, infiniplex_forest_clump_small,
          infiniplex_forest_straight_2, infiniplex_forest_side_room,
          infiniplex_forest_lined_room_2, infiniplex_forest_corner_1,
          infiniplex_forest_lined_room_2, infiniplex_forest_end_1, tgw_fedhas,
          uniq_gastronok
Lair:4:   kennysheep_abandoned_house
Lair:5:   pf_torpor_hydra
Lair:6:   minmay_lair_end_frog_pond, slime_dummy, roderic_batcave
Swamp:1:  evilmike_swamp_ruin_rubble_1, swamp_pool5
Swamp:2:  gammafunk_mikee_crab_dinner, nicolae_swamp_rocky_clearing,
          uniq_roxanne
Swamp:3:  portal_ice_cave_entry_ice_statue_two, serial_swamp_ruin,
          evilmike_swamp_ruin_rubble_2, evilmike_swamp_ruin_house_5,
          hangedman_swamp_ruin_wall, swamp_pool5
Swamp:4:  swamp_vile
Spider:2: spider_temple_joshua, nicolae_spider_nook, uniq_arachne
Spider:4: spider_rune_water, uniq_donald
Orc:1:    elf_legates
Orc:2:    st_orc_rangers
Elf:1:    eino_elf_arrival_altar, serial_shops, shop
Elf:2:    minivault_27, basic_stair_grate_trap
Elf:3:    minmay_elf_hall_curves, minivault_11
Vaults:1: nicolae_vaults_stairing_the_circle, hangedman_vaults_restitches,
          v_misc_28, v_pattern_4, nicolae_vaults_triangles,
          grunt_vaults_hallway_short, nicolae_vaults_network_s
Vaults:2: hangedman_vaults_variations, v_misc_17,
          nicolae_vaults_little_squares_4, nicolae_vaults_gold_heap,
          vaults_dpeg_cross, vaults_dpeg_ring, hangedman_vaults_cutoff,
          v_misc_12, minmay_crypt_entry_necro_gods, v_misc_16,
          nicolae_vaults_murderbox, nicolae_vaults_little_squares_1, v_misc_23
Vaults:3: nicolae_vaults_circle_grid_a, nicolae_vaults_network_star,
          hangedman_vaults_slice, hangedman_vaults_cutoff, nicolae_vaults_theta,
          hangedman_vaults_slice, dpeg_vaults_monster_box, ontoclasm_vaults_eye,
          uniq_xtahua
Vaults:4: vaults_room_stairs_pillars, nicolae_vaults_network_quincunx,
          v_misc_28, hangedman_vaults_cutoff, nicolae_vaults_big_angled_halls,
          vaults_dpeg_encased_lava, st_diamondy, uniq_frederick
Vaults:5: serial_shops
Crypt:1:  grunt_ministairs_8, uniq_margery, uniq_mara
Crypt:3:  david_glass_crypt, nicolae_tomb_entry_unfolded_pyramid_orthogonal,
          serial_sigils, serial_sigils_hangedman_confine,
          serial_sigils_hangedman_shear, serial_sigils_hangedman_snap,
          serial_sigils_hangedman_clutch, serial_sigils_hangedman_shear,
          lemuel_statue_altar, uniq_khufu
Depths:1: hangedman_arch_fort, hangedman_geh_valley, minmay_misc_feat_columns,
          grunt_decor_one_mirror, hangedman_stitches_earthworm
Depths:2: hangedman_pleasuredromes, hell_entry, uniq_aizul
Depths:3: minmay_octagon_city, minmay_misc_feat_tiny, hell_entry,
          grunt_pan_entry_zigzag, minmay_metal_thing, firewood_loft
Depths:4: minmay_ornate_pinched, grunt_pan_entry_in_and_out,
          hangedman_decor_clover_reticule, abyss_entry_small_statue_room,
          hangedman_coc_ice_floe, serial_shops, shop, uniq_saint_roka,
          uniq_boris
Depths:5: evilmike_zot_entry_basic, hell_entry, nrook_mini_backslash,
          st_stairs_11, evilmike_spriggan_trog_shrine
Zot:1:    gammafunk_sealed_arena, st_stairs_11
Zot:2:    gammafunk_the_bubble, bh_zot_ikea_curve, grunt_ministairs_7
Ossuary:  ossuary_minmay_chase
IceCv:    ice_cave_tombish
Volcano:  volcano_aerie


Message History

The electric golem hurls lightning at you.
The bolt of lightning misses you.
You block the yellow draconian's attack.
The electric golem hits you but does no damage.
The electric golem closely misses you. The electric golem barely misses you.
The electric golem misses you.
The moth of wrath goads the green draconian monk on!
The green draconian monk goes berserk!
The moth of wrath goads the storm dragon on!
The storm dragon goes berserk!
The red draconian monk completely misses you. x2
The red draconian monk tail-slaps you but does no damage.
The electric golem blinks!
The red draconian monk rages.
The electric golem hurls lightning at you.
The bolt of lightning hits you!
* * * LOW HITPOINT WARNING * * *
You hear a roar!
The red draconian monk hits you!!
You die...

Notes
Turn   | Place    | Note
-------+----------+-------------------------------------------
     0 | D:1      | Serpenta the Naga Summoner began the quest for the Orb.
     0 | D:1      | Reached XP level 1. HP: 15/15 MP: 3/3
    59 | D:1      | Reached skill level 1 in Fighting
    59 | D:1      | Reached XP level 2. HP: 20/25 MP: 5/5
   176 | D:1      | Learned a level 2 spell: Call Imp
   363 | D:1      | You fall through a shaft!
   542 | D:2      | Reached XP level 3. HP: 30/31 MP: 6/6
   978 | D:2      | You fall through a shaft for 2 floors!
   981 | D:4      | Found an iron altar of Okawaru.
  1043 | D:4      | Reached XP level 4. HP: 23/40 MP: 3/7
  1053 | D:4      | Became a worshipper of Warmaster Okawaru
  1086 | D:4      | Found a staircase to the Ecumenical Temple.
  1090 | D:4      | Noticed an ogre
  1244 | D:4      | Killed an ogre
  1244 | D:4      | Reached skill level 5 in Summonings
  1244 | D:4      | Reached XP level 5. HP: 49/49 MP: 4/8
  1261 | D:4      | Found a sand-covered staircase.
  1280 | Ossuary  | Entered an ossuary
  1441 | D:3      | Learned a level 3 spell: Call Canine Familiar
  1709 | D:3      | Found a burning altar of Makhleb.
  2237 | D:4      | Reached XP level 6. HP: 57/57 MP: 7/9
  3629 | D:5      | Entered Level 5 of the Dungeon
  3645 | D:5      | Reached skill level 5 in Fighting
  3651 | D:5      | Reached XP level 7. HP: 64/67 MP: 3/10
  3678 | D:5      | Found a deep blue altar of Sif Muna.
  3703 | D:5      | Found a shattered altar of Ashenzari.
  3764 | D:5      | Reached * piety under Okawaru
  4472 | D:6      | Found a sacrificial altar of Ru.
  4544 | D:6      | Reached XP level 8. HP: 70/78 MP: 9/13
  4650 | D:6      | Found a basalt altar of Yredelemnul.
  5032 | D:7      | Reached ** piety under Okawaru
  5092 | D:7      | Noticed a hippogriff
  5137 | D:7      | Killed a hippogriff
  5137 | D:7      | Reached skill level 1 in Invocations
  5146 | D:7      | Reached skill level 5 in Spellcasting
  5355 | D:7      | Got a heavily runed leather armour
  5366 | D:7      | Identified the +3 leather armour of Heyte {rN+ Dex+3} (You found it on level 7 of the Dungeon)
  5617 | D:7      | Found a glowing silver altar of Zin.
  5651 | D:7      | Reached XP level 9. HP: 87/87 MP: 13/17
  5668 | D:7      | Found an ancient bone altar of Kikubaaqudgha.
  6015 | D:8      | Found a shimmering altar of Xom.
  6015 | D:8      | Found a radiant altar of Vehumet.
  6222 | D:8      | Reached skill level 1 in Armour
  6729 | D:9      | Reached *** piety under Okawaru
  6729 | D:9      | Reached skill level 5 in Invocations
  6750 | D:9      | Found a white marble altar of Elyvilon.
  6879 | D:9      | Got an uncursed ancient short sword {flame}
  6880 | D:9      | Identified the +6 short sword of Fubrall {flame, +Inv} (You took it off a centaur on level 9 of the Dungeon)
  7039 | D:9      | Got a smoking falchion
  7040 | D:9      | Identified the +8 falchion of Tajem {slice, rPois rF- MR+ Dex+4} (You found it on level 9 of the Dungeon)
  7105 | D:9      | Reached skill level 1 in Long Blades
  7179 | D:9      | Noticed a troll
  7190 | D:9      | Reached skill level 2 in Long Blades
  7217 | D:9      | Reached **** piety under Okawaru
  7217 | D:9      | Reached XP level 10. HP: 71/96 MP: 19/19
  7268 | D:9      | Received a gift from Okawaru
  7294 | D:9      | Reached skill level 3 in Long Blades
  7386 | D:9      | Noticed a two-headed ogre
  7399 | D:9      | Killed a two-headed ogre
  7399 | D:9      | Reached skill level 4 in Long Blades
  7399 | D:9      | Reached skill level 5 in Armour
  7566 | D:9      | Noticed a two-headed ogre
  7576 | D:9      | Killed a two-headed ogre
  7576 | D:9      | Reached skill level 5 in Long Blades
  8137 | D:9      | Found a glowing golden altar of the Shining One.
  8186 | D:10     | Entered Level 10 of the Dungeon
  8269 | D:10     | Reached skill level 10 in Fighting
  8394 | D:10     | Reached ***** piety under Okawaru
  8399 | D:10     | Reached XP level 11. HP: 105/109 MP: 17/20
  8402 | D:10     | Reached skill level 6 in Long Blades
  8463 | D:10     | Found a staircase to the Orcish Mines.
  8598 | D:10     | Found a staircase to the Lair.
  8853 | D:11     | Noticed a two-headed ogre
  8865 | D:11     | Killed a two-headed ogre
  8968 | D:11     | Noticed Psyche
  8968 | D:11     | Noticed a two-headed ogre
  8978 | D:11     | Killed Psyche
  8982 | D:11     | Killed a two-headed ogre
  8982 | D:11     | Reached skill level 7 in Long Blades
  9039 | D:11     | Noticed a two-headed ogre
  9046 | D:11     | Killed a two-headed ogre
  9046 | D:11     | Received a gift from Okawaru
  9446 | D:11     | Noticed Erica
  9458 | D:11     | Killed Erica
  9458 | D:11     | Reached skill level 8 in Long Blades
  9731 | Lair:1   | Entered Level 1 of the Lair of Beasts
  9799 | Lair:1   | Found a dark tunnel.
  9808 | Volcano  | Entered a volcano
 10020 | Volcano  | Noticed a lindwurm
 10020 | Volcano  | Noticed a lindwurm
 10026 | Volcano  | Reached XP level 12. HP: 122/122 MP: 18/21
 10193 | Volcano  | Reached skill level 9 in Long Blades
 11033 | Lair:2   | Got a dazzling falchion
 11034 | Lair:2   | Identified the +5 falchion of a volcano {venom, Str+2 Dex+3} (You found it on level 2 of the Lair of Beasts)
 11110 | Lair:2   | Reached skill level 10 in Long Blades
 11136 | Lair:2   | Noticed Nergalle
 11159 | Lair:2   | Killed Nergalle
 11297 | Lair:2   | Got a crude plate armour
 11308 | Lair:2   | Identified the cursed +0 plate armour "Hero's Friend" {Slay+2} (You found it on level 2 of the Lair of Beasts)
 11368 | Lair:2   | Learned a level 4 spell: Summon Lightning Spire
 11400 | Lair:2   | Found a snail-covered altar of Cheibriados.
 11409 | Lair:2   | Reached skill level 11 in Long Blades
 11502 | Lair:2   | Received a gift from Okawaru
 11624 | Lair:2   | Noticed a four-headed hydra
 11633 | Lair:2   | Killed a one-headed hydra
 11676 | Lair:2   | Noticed a four-headed hydra
 11688 | Lair:2   | Killed a one-headed hydra
 12020 | Lair:3   | Found a staircase to the Swamp.
 12020 | Lair:3   | Noticed Gastronok
 12041 | Lair:3   | Killed Gastronok
 12041 | Lair:3   | Reached skill level 12 in Long Blades
 12041 | Lair:3   | Gained mutation: You can use your snake-like lower body to constrict enemies. [Naga growth]
 12041 | Lair:3   | Reached XP level 13. HP: 130/130 MP: 22/22
 12080 | Lair:3   | Found a hole to the Spider Nest.
 12342 | Lair:3   | Found a blossoming altar of Fedhas.
 13099 | Lair:4   | Received a gift from Okawaru
 14045 | Lair:5   | Reached ****** piety under Okawaru
 14332 | Lair:5   | Received a gift from Okawaru
 14332 | Lair:5   | Reached skill level 13 in Long Blades
 14353 | Lair:5   | Found a runed door.
 14896 | Lair:6   | Entered Level 6 of the Lair of Beasts
 15008 | Lair:6   | Reached skill level 10 in Armour
 15018 | Lair:6   | Reached XP level 14. HP: 129/145 MP: 23/23
 15151 | Lair:6   | Received a gift from Okawaru
 15161 | Lair:6   | Reached skill level 15 in Fighting
 15519 | Lair:6   | Reached skill level 14 in Long Blades
 15594 | Lair:6   | Found a staircase to the Slime Pits.
 15875 | Lair:6   | Identified Difess's Volume of Freezing Transformation
 16657 | D:12     | Received a gift from Okawaru
 16680 | D:12     | Noticed a deep elf annihilator
 16683 | D:12     | Noticed a frost giant
 16683 | D:12     | Noticed a tengu reaver
 16750 | D:12     | Found a runed gate.
 16750 | D:12     | Found a runed gate.
 16750 | D:12     | Found a runed gate.
 16777 | D:12     | Killed a tengu reaver
 16791 | D:12     | Killed a frost giant
 16797 | D:12     | Killed a deep elf annihilator
 16812 | D:12     | Found a runed gate.
 16812 | D:12     | Found a runed gate.
 16812 | D:12     | Found a runed gate.
 16938 | D:12     | Received a gift from Okawaru
 16938 | D:12     | Reached XP level 15. HP: 120/154 MP: 18/24
 16943 | D:12     | Got a fine plate armour {god gift}
 16954 | D:12     | Identified the +8 plate armour of the Many Tales {god gift, rElec Int+2} (Okawaru gifted it to you on level 12 of the Dungeon)
 17013 | D:12     | Got a shimmering marble ring
 17023 | D:12     | Identified the ring of Oruxtioss {rF+ rN++ Str-3 Dex+2} (You took it off an orc warrior on level 12 of the Dungeon)
 17271 | D:12     | Noticed Frances
 17281 | D:12     | Killed Frances
 18599 | D:14     | Received a gift from Okawaru
 18765 | D:14     | Noticed Nessos
 18775 | D:14     | Killed Nessos
 18980 | D:14     | Found a gate to the Vaults.
 19107 | D:14     | Found a runed door.
 19109 | D:14     | Found a runed door.
 19451 | D:14     | Received a gift from Okawaru
 19521 | D:14     | Reached XP level 16. HP: 135/163 MP: 23/25
 19560 | D:14     | Found a runed door.
 19650 | D:14     | Received a gift from Okawaru
 19718 | D:15     | Entered Level 15 of the Dungeon
 19864 | D:15     | Found an opulent altar of Gozag.
 19870 | D:15     | Found an ancient bone altar of Kikubaaqudgha.
 20223 | D:15     | Reached skill level 15 in Long Blades
 20243 | D:15     | Found a staircase to the Depths.
 20531 | Orc:1    | Entered Level 1 of the Orcish Mines
 20717 | Orc:2    | Entered Level 2 of the Orcish Mines
 20758 | Orc:2    | Found a staircase to the Elven Halls.
 21510 | Orc:1    | Received a gift from Okawaru
 21532 | Orc:1    | Got a pair of bloodstained gloves {god gift}
 21543 | Orc:1    | Identified the +0 pair of gloves of Ufucot {god gift, -Cast Int+5 Dex+2} (Okawaru gifted it to you on level 1 of the Orcish Mines)
 21933 | Orc:2    | Reached skill level 15 in Armour
 22269 | Orc:2    | Found Kehosim's Weapon Emporium.
 22269 | Orc:2    | Found Usyitapn's Armour Shop.
 22271 | Orc:2    | Found Haluam's Jewellery Boutique.
 22273 | Orc:2    | Found Nukyvec's Jewellery Shoppe.
 22280 | Orc:2    | Bought a cursed amulet of inaccuracy for 26 gold pieces
 22280 | Orc:2    | Bought a cursed ring of loudness for 58 gold pieces
 22287 | Orc:2    | Bought the ring of Rugrom {rF+ MR+ Str+5} for 742 gold pieces
 22287 | Orc:2    | Bought the ring "Zash" {MR+ Slay+2 Stlth+} for 648 gold pieces
 22676 | Swamp:1  | Entered Level 1 of the Swamp
 23244 | Swamp:1  | Reached skill level 16 in Long Blades
 23257 | Swamp:1  | Reached XP level 17. HP: 154/172 MP: 26/26
 23587 | Swamp:2  | Noticed Roxanne
 23607 | Swamp:2  | Killed Roxanne
 23628 | Swamp:2  | Identified Roxanne's Guide on Transmigration (You took it off Roxanne on level 2 of the Swamp)
 23763 | Swamp:2  | Found a runed door.
 24933 | Swamp:2  | Paralysed by you for 3 turns
 24998 | Swamp:2  | Identified Teton's Compendium of Creation
 25008 | Swamp:2  | Learned a level 5 spell: Aura of Abjuration
 25157 | Swamp:3  | Received a gift from Okawaru
 25170 | Swamp:3  | Found a frozen archway.
 25189 | IceCv    | Entered an ice cave
 25621 | IceCv    | Noticed an Ice Fiend
 25632 | IceCv    | Killed an Ice Fiend
 25632 | IceCv    | Received a gift from Okawaru
 25633 | IceCv    | Got an ichor-stained cloak {god gift}
 25644 | IceCv    | Identified the +2 cloak of Supple Strength {god gift, +Blink} (Okawaru gifted it to you in an ice cave)
 26767 | Swamp:4  | Entered Level 4 of the Swamp
 26894 | Swamp:4  | Reached skill level 17 in Long Blades
 27285 | Swamp:4  | Received a gift from Okawaru
 27286 | Swamp:4  | Got an ichor-stained great sword {god gift}
 27287 | Swamp:4  | Identified the +9 great sword "Murmur" {god gift, drain, rPois Int+4} (Okawaru gifted it to you on level 4 of the Swamp)
 27459 | Swamp:4  | Reached skill level 18 in Long Blades
 27497 | Swamp:4  | Noticed a tentacled monstrosity
 27509 | Swamp:4  | Killed a tentacled monstrosity
 27509 | Swamp:4  | Reached XP level 18. HP: 157/181 MP: 27/27
 27612 | Swamp:4  | Got a decaying rune of Zot
 28054 | Spider:1 | Entered Level 1 of the Spider Nest
 28266 | Spider:1 | Reached skill level 1 in Evocations
 29324 | Spider:2 | Reached skill level 5 in Evocations
 29428 | Spider:2 | Got a smoking lead ring
 29430 | Spider:2 | Identified the cursed ring of the Battered Planets {rC- Str-3 Dex+5 Slay+6} (You found it on level 2 of the Spider Nest)
 29566 | Spider:2 | Got a polished plate armour
 29577 | Spider:2 | Identified the +8 plate armour "Sengoi Hapu" {rElec} (You found it on level 2 of the Spider Nest)
 29653 | Spider:2 | Received a gift from Okawaru
 29673 | Spider:2 | Noticed Arachne
 29693 | Spider:2 | Killed Arachne
 30196 | Spider:2 | Identified a scroll of acquirement
 30197 | Spider:2 | Got a bound graven amulet
 30198 | Spider:2 | Identified the amulet of Mumergh {Acrobat Str+6 Int-4 Dex+3 SInv} (You acquired it on level 2 of the Spider Nest)
 30814 | Spider:3 | Paralysed by a hornet for 1 turns
 31360 | Spider:4 | Entered Level 4 of the Spider Nest
 31388 | Spider:4 | Noticed Donald
 31403 | Spider:4 | Killed Donald
 31406 | Spider:4 | Reached XP level 19. HP: 188/188 MP: 22/28
 31702 | Spider:4 | Reached skill level 5 in Dodging
 31731 | Spider:4 | Received a gift from Okawaru
 31967 | Spider:4 | Reached skill level 19 in Long Blades
 32218 | Spider:4 | Got a gossamer rune of Zot
 32540 | Vaults:1 | Entered Level 1 of the Vaults
 32810 | Vaults:1 | Received a gift from Okawaru
 33533 | Vaults:1 | Received a gift from Okawaru
 33541 | Vaults:1 | Reached skill level 20 in Long Blades
 33555 | Vaults:1 | Reached XP level 20. HP: 182/196 MP: 29/29
 34075 | Vaults:2 | Found a staircase to the Crypt.
 34075 | Vaults:2 | Found an ancient bone altar of Kikubaaqudgha.
 34076 | Vaults:2 | Found a basalt altar of Yredelemnul.
 34533 | Vaults:2 | HP: 1/294 [yaktaur captain/bolt (27)]
 35388 | Vaults:3 | Noticed Xtahua
 35405 | Vaults:3 | Killed Xtahua
 35405 | Vaults:3 | Reached skill level 10 in Dodging
 35815 | Vaults:3 | Received a gift from Okawaru
 37057 | Vaults:4 | Reached XP level 21. HP: 205/205 MP: 30/30
 37668 | Vaults:4 | Noticed Frederick
 37687 | Vaults:4 | Killed Frederick
 38324 | Crypt:1  | Entered Level 1 of the Crypt
 38398 | Crypt:1  | Noticed Margery
 38412 | Crypt:1  | Reached skill level 21 in Long Blades
 38414 | Crypt:1  | Noticed Mara
 38421 | Crypt:1  | Killed Mara
 38429 | Crypt:1  | Killed Margery
 38429 | Crypt:1  | Reached skill level 10 in Invocations
 38472 | Crypt:1  | Received a gift from Okawaru
 38473 | Crypt:1  | Found the +12 glaive of Prune {god gift, chop}
 39596 | Crypt:2  | Received a gift from Okawaru
 39805 | Crypt:2  | Reached XP level 22. HP: 213/213 MP: 31/31
 40636 | Crypt:3  | Entered Level 3 of the Crypt
 40652 | Crypt:3  | Noticed a greater mummy
 40652 | Crypt:3  | Noticed Khufu
 40652 | Crypt:3  | Noticed a greater mummy
 40659 | Crypt:3  | Killed a greater mummy
 40671 | Crypt:3  | Killed Khufu
 40671 | Crypt:3  | Reached skill level 22 in Long Blades
 41018 | Crypt:3  | Killed a greater mummy
 41024 | Crypt:3  | Noticed a greater mummy
 41257 | Crypt:3  | Killed a greater mummy
 41409 | Crypt:3  | Found a staircase to the Tomb.
 41609 | Crypt:3  | Received a gift from Okawaru
 41690 | Crypt:3  | Noticed a curse toe
 41716 | Crypt:3  | Got a smoking platinum ring
 41718 | Crypt:3  | Identified the ring of Bohasamp {rElec AC+2 SInv} (You acquired it on level 3 of the Crypt)
 42024 | Crypt:3  | Reached skill level 23 in Long Blades
 42036 | Crypt:3  | Killed a curse toe
 42466 | Crypt:3  | Noticed an ancient lich
 42466 | Crypt:3  | Noticed an ancient lich
 42478 | Crypt:3  | Killed an ancient lich
 42482 | Crypt:3  | Killed an ancient lich
 42778 | Crypt:3  | Found a basalt altar of Yredelemnul.
 43046 | Depths:1 | Entered Level 1 of the Depths
 43091 | Depths:1 | Reached XP level 23. HP: 179/220 MP: 32/32
 43264 | Depths:1 | Received a gift from Okawaru
 43669 | Depths:1 | Reached skill level 24 in Long Blades
 44360 | Depths:1 | Found a gateway to Hell.
 44880 | Depths:2 | Received a gift from Okawaru
 44890 | Depths:2 | Reached skill level 10 in Summonings
 44895 | Depths:2 | Noticed a caustic shrike
 44902 | Depths:2 | Killed a caustic shrike
 45086 | Depths:2 | Noticed an ancient lich
 45105 | Depths:2 | Killed an ancient lich
 45118 | Depths:2 | Received a gift from Okawaru
 45306 | Depths:2 | Noticed Aizul
 45320 | Depths:2 | Killed Aizul
 45336 | Depths:2 | Reached XP level 24. HP: 101/229 MP: 31/36
 45872 | Depths:2 | Noticed a juggernaut
 45886 | Depths:2 | Killed a juggernaut
 46023 | Depths:2 | Reached skill level 10 in Spellcasting
 46227 | Depths:2 | Found a gateway to a ziggurat.
 46733 | Depths:3 | Received a gift from Okawaru
 47394 | Depths:3 | Received a gift from Okawaru
 47413 | Depths:3 | Noticed a caustic shrike
 47430 | Depths:3 | Killed a caustic shrike
 47749 | Depths:3 | Reached XP level 25. HP: 185/236 MP: 39/39
 47799 | Depths:3 | Reached skill level 15 in Summonings
 47817 | Depths:3 | Received a gift from Okawaru
 48002 | Depths:3 | Found a one-way gate leading to the halls of Pandemonium.
 48384 | Depths:3 | Received a gift from Okawaru
 48456 | Depths:3 | Received a gift from Okawaru
 48760 | Depths:3 | Identified the Incunabulum of the Glacial Voyage
 48765 | Depths:3 | Learned a level 2 spell: Blink
 48941 | Depths:3 | Got jewelled storm dragon scales
 48942 | Depths:3 | Identified the cursed +1 storm dragon scales "Cafixe" {rElec rC+ Regen+ Str-5} (You took it off a yaktaur on level 3 of the Depths)
 48981 | Depths:4 | Noticed Saint Roka
 48999 | Depths:4 | Killed Saint Roka
 49188 | Depths:4 | Noticed Boris
 49320 | Depths:4 | Killed Boris
 49320 | Depths:4 | Received a gift from Okawaru
 49322 | Depths:4 | Got jewelled storm dragon scales {god gift}
 49336 | Depths:3 | Identified the +4 storm dragon scales of Focus {god gift, rElec rF++ Regen+ MP+9 SInv} (Okawaru gifted it to you on level 4 of the Depths)
 49508 | Depths:4 | Found Ceskeun's Armour Emporium.
 49711 | Depths:4 | Found a one-way gate to the infinite horrors of the Abyss.
 50139 | Depths:5 | Entered Level 5 of the Depths
 50172 | Depths:4 | Reached XP level 26. HP: 176/253 MP: 39/39
 50717 | Depths:5 | Found a gate to the Realm of Zot.
 51101 | Depths:5 | Found a bloodstained altar of Trog.
 51494 | Elf:1    | Entered Level 1 of the Elven Halls
 51576 | Elf:1    | Found a radiant altar of Vehumet.
 51704 | Elf:1    | Found Jizxaps's Jewellery Shop.
 51714 | Elf:1    | Bought a +5 amulet of reflection for 741 gold pieces
 51734 | Elf:1    | Received a gift from Okawaru
 52674 | Elf:2    | Found a runed gate.
 52674 | Elf:2    | Found a runed gate.
 52793 | Elf:2    | Found a runed gate.
 53368 | Elf:3    | Entered Level 3 of the Elven Halls
 54759 | Elf:3    | Received a gift from Okawaru
 54969 | Elf:3    | Got a brightly glowing bronze amulet
 54970 | Elf:3    | Identified the amulet "Litupp" {Inacc *Slow rC+ rN+} (You found it on level 3 of the Elven Halls)
 54982 | Elf:3    | Learned a level 6 spell: Shadow Creatures
 54983 | Elf:3    | Got a clouded copper ring
 54984 | Elf:3    | Identified the ring of the Enemy {rPois rC+ MR+ Dex+5 Slay+3} (You found it on level 3 of the Elven Halls)
 55016 | Elf:3    | Got a steaming golden amulet
 55017 | Elf:3    | Identified the amulet of the Crown {RegenMP Int+4} (You found it on level 3 of the Elven Halls)
 55100 | Elf:3    | Learned a level 9 spell: Dragon's Call
 55403 | Vaults:5 | Entered Level 5 of the Vaults
 55434 | Vaults:5 | Reached XP level 27. HP: 227/266 MP: 37/39
 55845 | Vaults:5 | Received a gift from Okawaru
 55855 | Vaults:5 | Noticed an ancient lich
 55866 | Vaults:5 | Killed an ancient lich
 56114 | Vaults:5 | Found the +4 moon troll leather armour {Spirit, Regen++ MP+5}
 56745 | Vaults:5 | Found the +4 robe of Augmentation {Str+4 Int+4 Dex+4}
 56758 | Vaults:5 | Got a coiled bronze ring
 56759 | Vaults:5 | Identified the ring of Linearity {+Blink rElec Str+4 Dex+3} (You found it on level 5 of the Vaults)
 56774 | Vaults:5 | Got a smoking platinum amulet
 56775 | Vaults:5 | Identified the amulet "Nebbid" {*Slow +Rage rF+ MR++ Dex+2} (You found it on level 5 of the Vaults)
 56839 | Vaults:5 | Received a gift from Okawaru
 56858 | Vaults:5 | Got an ancient brass ring
 56859 | Vaults:5 | Identified the ring of Alanol {+Fly Int+3 Dex+5} (You acquired it on level 5 of the Vaults)
 57652 | Vaults:5 | Got a silver rune of Zot
 58052 | Zot:1    | Entered Level 1 of the Realm of Zot
 58083 | Depths:5 | Reached skill level 1 in Translocations
 58435 | Depths:5 | Reached skill level 15 in Dodging
 59371 | Zot:1    | Found a transporter.
 59371 | Zot:1    | Found a transporter.
 59412 | Zot:1    | Received a gift from Okawaru
 60101 | Zot:2    | Found a transporter.
 61052 | Zot:3    | HP: 13/268 [black draconian/glaive of chopping (6)]
 61058 | Zot:3    | Slain by a red draconian monk
